 Dungeon Crawl Stone Soup version 0.30-a0-760-g5a9884bb7c (webtiles) character file.

Game seed: 14702860018794082584

842 themarg the Cleaver (level 8, -3/106 HPs)
             Began as a Hill Orc Fighter on Feb 10, 2023.
             Slain by Duvessa
             ... wielding a +0 short sword
              (7 damage)
             ... on level 4 of the Dungeon.
             The game lasted 00:07:10 (3133 turns).

themarg the Cleaver (Hill Orc Fighter)              Turns: 3133, Time: 00:07:11

Health: -3/106     AC: 24    Str: 21    XL:     8   Next: 0%
Magic:  8/8        EV:  2    Int:  8    God:
Gold:   195        SH:  5    Dex: 10    Spells: 7/7 levels left

rFire   . . .      SeeInvis .    a - +1 war axe
rCold   . . .      Faith    .    c - +0 buckler
rNeg    . . .      Spirit   .    (body armour currently unavailable)
rPois   +          Reflect  .    (helmet currently unavailable)
rElec   .          Harm     .    (cloak currently unavailable)
rCorr   .          Rampage  .    (gloves currently unavailable)
Will    .....      NoTele   +    (boots currently unavailable)
Stlth   +                        t - amulet of regeneration
HPRegen 1.17/turn                (no ring)
MPRegen 0.11/turn                (no ring)

@: mighty, tree-form
A: stationary, stasis, torment immunity, boosted hp
a: no special abilities


You were on level 4 of the Dungeon.
You were a tree.
You visited 1 branch of the dungeon, and saw 4 of its levels.

You collected 195 gold pieces.

Inventory:

Hand Weapons
 a - a +1 war axe (weapon)
Missiles
 e - 56 stones
 s - a throwing net (quivered)
Armour
 c - a +0 buckler (worn)
 g - a +0 helmet (melded)
 v - a +0 chain mail (melded)
Jewellery
 m - a ring of ice
 t - an amulet of regeneration (around neck)
Wands
 w - a wand of flame (18)
Scrolls
 f - a scroll of amnesia
 i - a scroll of enchant armour {unknown}
 k - 3 scrolls of teleportation
 l - a scroll of enchant weapon
 q - a scroll of noise {unknown}
 x - a scroll of fog {unknown}
Potions
 d - a potion of might
 h - 2 potions of resistance
 j - a potion of lignification
 n - 2 potions of curing
 o - a potion of attraction {unknown}
 p - 2 potions of cancellation {unknown}
 r - a potion of mutation {unknown}
 u - a potion of invisibility {unknown}
 z - a potion of haste {unknown}


   Skills:
 + Level 6.6 Fighting
 * Level 9.0 Axes
 - Level 3.2 Armour
 - Level 5.0 Shields


You had 7 spell levels left.
You didn't know any spells.
Your spell library contained the following spells:

 Spells                   Type           Power      Damage    Failure   Level
 Call Canine Familiar     Summ           0%         N/A       86%         3
 Portal Projectile        Hex/Tloc       0%         N/A       86%         3
 Leda's Liquefaction      Hex/Erth       0%         N/A       99%         4


Dungeon Overview and Level Annotations

Branches:
Dungeon (4/15)
 Temple: D:4-7

Altars:
Elyvilon

Annotations:
D:4 3 runed translucent doors, Duvessa


Message History

You feel sick.
Duvessa hits you with a +0 short sword! x2
* * * LOW HITPOINT WARNING * * *
You barely miss Duvessa.
Duvessa is lightly wounded.
You feel sick. Duvessa hits you with a +0 short sword.
* * * LOW HITPOINT WARNING * * *
It was a potion of curing.
You feel better. Duvessa hits you with a +0 short sword.
* * * LOW HITPOINT WARNING * * *
You block Duvessa's attack.
Aiming: Throw Flame
Press: ? - help, Shift-Dir - straight line, f - Duvessa
Aim: Duvessa, wielding a +0 short sword, wearing a +0 ring mail and carrying a wand of polymorph (10) (lightly wounded, berserk, 77% to hit)
The puff of flame hits Duvessa.
Duvessa is lightly wounded.
Duvessa hits you with a +0 short sword.
* * * LOW HITPOINT WARNING * * *
As you read the scroll labelled ALOXTE NEHIVOZ, it crumbles to dust.
It is a scroll of enchant weapon.
Your +0 war axe glows red for a moment.
Duvessa hits you with a +0 short sword.
* * * LOW HITPOINT WARNING * * *
Duvessa hits you but does no damage.
As you read the scroll labelled YTRUTZ ECVEO, it crumbles to dust.
It is a scroll of identify.
h - 2 potions of resistance Duvessa hits you with a +0 short sword.
* * * LOW HITPOINT WARNING * * *
As you read the scroll of identify, it crumbles to dust.
j - 2 potions of lignification Duvessa barely misses you.
Duvessa hits you but does no damage.
Really quaff the potion of lignification?
You turn into a tree.
Your +0 helmet melds into your body.
Your +0 chain mail melds into your body.
Your roots penetrate the ground.
Duvessa hits you but does no damage.
You slice Duvessa!!
Duvessa is heavily wounded.
Duvessa hits you with a +0 short sword.
* * * LOW HITPOINT WARNING * * *
Duvessa hits you with a +0 short sword!
You die...

..###.# ###.####
#.#####.......#
.####.###.......#
#..............
.#..............#
####.#####.)##.
##.#.........#..###
#........###
##....###.#.......#
########.### ...)#.......
#..#.# #....
##....###.##.#..#.# #####
#.#### #......e#.## #.#
#......#♣?.######
##.#########.###........#
.......# .. #...####.#
.##.##.# #. ##### #.#
.##.##.# # #†# .##..#.#
###.### .###.#.# #.....#
.###.#.# #.###.# .......#
#.# #.#


You could see Duvessa (berserk).

Vanquished Creatures
  Pikel (D:4)
  4 lemures (D:3)
  A scorpion (D:4)
  Dowan (D:4)
  A jelly (D:4)
  Natasha (thrice) (D:4)
  An orc wizard (D:3)
  7 adders
  3 gnolls (D:4)
  3 worms (D:2)
  A dart slug (D:2)
  8 orcs
  2 bats
  4 endoplasms
  A giant cockroach (D:1)
  A goblin (D:3)
  5 hobgoblins
  3 quokkas
  3 ball pythons
  3 frilled lizards
  5 kobolds
  5 rats
66 creatures vanquished.

Notes
Turn   | Place    | Note
-------+----------+-------------------------------------------
     0 | D:1      | themarg the Hill Orc Fighter began the quest for the Orb.
     0 | D:1      | Reached XP level 1. HP: 19/19 MP: 1/1
   139 | D:1      | Reached skill level 3 in Axes
   172 | D:1      | Reached XP level 2. HP: 22/27 MP: 2/2
   844 | D:2      | Found a white marble altar of Elyvilon.
   863 | D:2      | Reached skill level 4 in Axes
   863 | D:2      | Reached XP level 3. HP: 9/33 MP: 3/3
  1501 | D:3      | Reached XP level 4. HP: 35/41 MP: 4/4
  1568 | D:3      | Reached skill level 5 in Axes
  1934 | D:3      | Reached XP level 5. HP: 47/47 MP: 5/5
  2299 | D:4      | Noticed a lemure
  2299 | D:4      | Noticed a lemure
  2300 | D:4      | Noticed Pikel
  2386 | D:4      | Noticed a lemure
  2387 | D:4      | Noticed a lemure
  2397 | D:3      | Killed a lemure
  2408 | D:3      | Killed a lemure
  2430 | D:3      | Killed a lemure
  2597 | D:3      | Killed a lemure
  2627 | D:4      | Killed Pikel
  2628 | D:4      | Reached skill level 8 in Axes
  2628 | D:4      | Reached XP level 6. HP: 47/57 MP: 6/6
  2628 | D:4      | Reached XP level 7. HP: 52/63 MP: 7/7
  2747 | D:4      | Noticed Natasha
  2750 | D:4      | Killed Natasha
  2842 | D:4      | Noticed Natasha
  2848 | D:4      | Killed Natasha
  2879 | D:4      | Noticed Natasha
  2885 | D:4      | Killed Natasha
  2902 | D:4      | Found a runed translucent gate.
  2908 | D:4      | Found a runed translucent gate.
  2909 | D:4      | Found a runed translucent gate.
  2948 | D:4      | Reached skill level 5 in Shields
  3013 | D:4      | Noticed Dowan
  3035 | D:4      | Killed Dowan
  3103 | D:4      | Reached XP level 8. HP: 68/71 MP: 8/8
  3119 | D:4      | Noticed Duvessa
  3122 | D:4      | Reached skill level 9 in Axes
  3129 | D:4      | HP: 3/71 [Duvessa/+0 short sword (4)]
  3130 | D:4      | HP: 1/71 [Duvessa/+0 short sword (3)]
  3133 | D:4      | Slain by Duvessa

Illustrated notes

Levels and vault maps discovered:
D:1:      matt_arrival_grand_opening, layout_loops_ring
D:2:      layout_basic, basic_altar
D:3:      layout_basic
D:4:      layout_loops_cross, gammafunk_ghost_icy, uniq_natasha, uniq_duvessa,
          uniq_pikel

Skill      XL: |  1  2  3  4  5  6  7  8 |
---------------+-------------------------+-----
Axes           | 3 4 5 8 9 |  9.0
Fighting       | 4 6 |  6.6
Shields        | 4 5 |  5.0
Armour         | |  3.2

Action                     |  1- 3 |  4- 6 |  7- 9 || total
---------------------------+-------+-------+-------++-------
  Melee: War axe           |    88 |    87 |    48 ||   223
  Throw: Throwing net      |       |     1 |       ||     1
  Evoke: Wand              |       |       |     1 ||     1
    Use: Scroll            |       |     2 |     3 ||     5
         Potion            |       |       |     3 ||     3
 Armour: Scale mail        |    47 |    20 |       ||    67
         Chain mail        |       |    18 |    20 ||    38
         Skin              |       |       |     1 ||     1
  Dodge: Dodged            |    36 |    28 |    12 ||    76
  Block: Buckler           |    18 |    15 |     8 ||    41

Table legend: (Time is in decaauts)
 A = Elapsed time spent in this place.
 B = Non-inter-level travel time spent in this place.
 C = Inter-level travel time spent in this place.
 D = Time resting spent in this place.
 E = Time spent auto-exploring this place.
 F = Levels seen in this place.
 G = Mean time per level.
                   A        B        C        D        E       F      G
               +--------+--------+--------+--------+--------+-----+--------+
         Total |   3195 |   3050 |    145 |    202 |   2270 |   4 |  798.8 |
       Dungeon |   3195 |   3050 |    145 |    202 |   2270 |   4 |  798.8 |
               +--------+--------+--------+--------+--------+-----+--------+

Top non-repeatable levels by time:
     D:3: 1026 daAuts
     D:4: 758 daAuts
     D:1: 705 daAuts
     D:2: 704 daAuts
